 Dungeon Crawl Stone Soup version 0.30-a0-840-ga523dec638 (webtiles) character file.

Game seed: 8342020011392396499

3 SkeletonJelly the Sneak (level 1, 0/11 HPs)
             Began as a Spriggan Delver on Mar 2, 2023.
             Succumbed to a kobold's poison
             ... on level 4 of the Dungeon.
             The game lasted 00:01:47 (311 turns).

SkeletonJelly the Sneak (Spriggan Delver)            Turns: 311, Time: 00:01:48

Health: 0/11       AC:  2    Str:  8    XL:     1   Next: 41%
Magic:  2/2        EV: 17    Int: 11    God:
Gold:   28         SH:  0    Dex: 16    Spells: 0/0 levels left

rFire   . . .      SeeInvis +    a - +0 short sword
rCold   . . .      Faith    .    (no shield)
rNeg    . . .      Spirit   .    b - +0 robe
rPois   .          Reflect  .    (helmet restricted)
rElec   .          Harm     .    (no cloak)
rCorr   .          Rampage  .    (gloves unavailable)
Will    .....                    (boots unavailable)
Stlth   ++++                     (no amulet)
HPRegen 0.21/turn                (no ring)
MPRegen 0.08/turn                (no ring)

@: lethally poisoned (0 -> -2), very quick
A: very small, no large weapons, unfitting armour, see invisible, speed 3
a: no special abilities


You were on level 4 of the Dungeon.
You visited 1 branch of the dungeon, and saw 3 of its levels.

You collected 28 gold pieces.

Inventory:

Hand Weapons
 a - a +0 short sword (weapon)
Armour
 b - a +0 robe (worn)
Wands
 g - a wand of digging (3)
 h - a wand of polymorph (9)
 j - a wand of flame (21)
Scrolls
 c - 2 scrolls of fog
 d - a scroll of magic mapping
 e - a scroll of fear
 i - 2 scrolls of teleportation {unknown}
Potions
 f - a potion of haste


   Skills:
 + Level 2.4 Fighting
 + Level 2.2 Short Blades
 + Level 2.8 Dodging
 + Level 7.3 Stealth


You couldn't memorise any spells.
You didn't know any spells.
Your spell library was empty.

Dungeon Overview and Level Annotations

Branches:
Dungeon (5/15)             Temple (0/1) D:4

Altars:
Qazlal


Innate Abilities, Weirdness & Mutations

You are very small and have problems with some larger weapons.
You are too small for most types of armour.
You have supernaturally acute eyesight. (SInv)
You cover ground extremely quickly. (Speed+++)


Message History

Found a stone staircase leading up.
There is a stone staircase leading up here.
You climb upwards.
Found five items.
There is a stone staircase leading down here.
Found a stone staircase leading up.
c - 2 scrolls of fog (gained 1)
Found a scroll labelled TOM PUMETUZO.
i - a scroll labelled TOM PUMETUZO You now have 10 gold pieces (gained 6).
Found 18 gold pieces.
i - 2 scrolls labelled TOM PUMETUZO (gained 1)
You now have 28 gold pieces (gained 18).
A hobgoblin comes into view.
Found 23 gold pieces.
Found a staircase to the Ecumenical Temple.
The hobgoblin moves out of view.
A ball python comes into view.
Found 3 stones.
You see here 3 stones.
Found a stormy altar of Qazlal.
There is a stormy altar of Qazlal here.
Found a stone staircase leading down.
A ball python comes into view.
The ball python hisses angrily.
There is a stone staircase leading down here.
The ball python misses you. The ball python barely misses you.
You hit the ball python.
The ball python is heavily wounded.
The ball python bites you. The ball python closely misses you.
You take 2 damage, and have 9/11 hp.
You barely miss the ball python.
The ball python is heavily wounded.
The ball python bites you. The ball python closely misses you.
You take 1 damage, and have 8/11 hp.
You hit the ball python but do no damage.
The ball python is heavily wounded.
The ball python barely misses you. The ball python closely misses you.
You hit the ball python but do no damage.
The ball python is heavily wounded.
The ball python misses you. The ball python grabs you.
The ball python constricts you.
You hit the ball python.
You kill the ball python!
You see here a ball python corpse.
Found a stone staircase leading up.
Health restored: 11
There is a stone staircase leading up here.
You climb upwards.
The orc shouts! x5
Found a fluorescent wand and a dagger.
There is a stone staircase leading down here.
Found a stone staircase leading down.
You see here a wand of flame (21).
j - a wand of flame (21)
A bat comes into view.
There is a stone staircase leading down here.
You can't go up here!
The orc misses you.
You climb downwards.
There is a stone staircase leading up here.
You hit the orc.
The orc is severely wounded.
The orc hits you with a +0 club.
You take 3 damage, and have 8/11 hp.
MASSIVE DAMAGE!!
You hit the orc.
You kill the orc!
No target in view!
No target in view!
No target in view!
No target in view!
HP restored.
Things that are here:
a +0 club; an orc corpse A kobold comes into view.
It is wielding a +0 short sword and quivering poisoned darts.
Health restored: 11 The kobold shouts!
The kobold throws a poisoned dart.
The poisoned dart hits you.
You are poisoned.
A kobold comes into view. It is wielding a +0 short sword.
Found 3 stones.
You feel sick.
The kobold shouts!
You take 1 damage, and have 10/11 hp.
You hit the kobold but do no damage.
You feel sick.
The kobold hits you with a +0 short sword.
You take 4 damage, and have 6/11 hp.
MASSIVE DAMAGE!!
You hit the kobold.
The kobold is severely wounded.
You feel sick. The kobold closely misses you.
You take 1 damage, and have 5/11 hp.
You are too injured to fight recklessly!
You hit the kobold but do no damage.
The kobold is severely wounded.
You feel sick.
The kobold hits you with a +0 short sword.
* * * LOW HITPOINT WARNING * * *
You take 4 damage, and have 1/11 hp.
MASSIVE DAMAGE!!
You miss the kobold.
The kobold is severely wounded.
You die...

###### #..... #.####
###.##
#################....#
.....................###
(.........?.............
......K@................
...K....................
........................
........................
..................######
####..............#
#..............#
#..........#####


You could see 2 kobolds.

Vanquished Creatures
  An orc (D:4)
  A ball python (D:4)
2 creatures vanquished.

Notes
Turn   | Place    | Note
-------+----------+-------------------------------------------
     0 | D:5      | SkeletonJelly the Spriggan Delver began the quest for the
                  | Orb.
     0 | D:5      | Reached XP level 1. HP: 11/11 MP: 2/2
    21 | D:5      | Noticed a scorpion
    44 | D:5      | Noticed an orc wizard
   127 | D:4      | Found a staircase to the Ecumenical Temple.
   170 | D:4      | Found a stormy altar of Qazlal.
   311 | D:4      | Succumbed to a kobold's poison

Illustrated notes

Levels and vault maps discovered:
D:3:      layout_loops_corners, hellmonk_ecumenical_altar_heavens_door
D:4:      layout_basic, grunt_temple_overflow_bloody_war,
          overflow_temple_1_default, nemelex_diamond_rough_becter, temple_pool_b
D:5:      layout_basic, makhleb_heckhound_becter, grunt_decor_arrowhead,
          uniq_edmund

Action                     || total
---------------------------++-------
  Melee: Short sword       ||    11
  Dodge: Dodged            ||     9

Table legend: (Time is in decaauts)
 A = Elapsed time spent in this place.
 B = Non-inter-level travel time spent in this place.
 C = Inter-level travel time spent in this place.
 D = Time resting spent in this place.
 E = Time spent auto-exploring this place.
 F = Levels seen in this place.
 G = Mean time per level.
                   A        B        C        D        E       F      G
               +--------+--------+--------+--------+--------+-----+--------+
         Total |    200 |    200 |      0 |      0 |     18 |   3 |   66.7 |
       Dungeon |    200 |    200 |      0 |      0 |     18 |   3 |   66.7 |
               +--------+--------+--------+--------+--------+-----+--------+

Top non-repeatable levels by time:
     D:4: 136 daAuts
     D:5: 59 daAuts
     D:3: 3 daAuts
